 Dungeon Crawl Stone Soup version 0.26.1-11-gd32895ea62 (webtiles) character file.

Game seed: 7534765575042794084

135 Zeld the Sneak (level 4, -4/22 HPs)
             Began as a Spriggan Brigand on June 5, 2021.
             Slain by an orc priest
             ... wielding a +0 flail
              (10 damage)
             ... on level 2 of the Dungeon.
             The game lasted 00:04:37 (3790 turns).

Zeld the Sneak (Spriggan Brigand)                   Turns: 3790, Time: 00:04:38

Health: -4/22      AC:  3    Str:  7    XL:     4   Next: 96%
Magic:  7/7        EV: 17    Int: 12    God:
Gold:   68         SH:  0    Dex: 18    Spells: 6/6 levels left

rFire    . . .     SeeInvis +   a - +2 dagger (vamp)
rCold    . . .     Faith    .   (shield restricted)
rNeg     . . .     Spirit   .   n - +0 robe
rPois    .         Reflect  .   (helmet restricted)
rElec    .         Harm     .   c - +0 cloak
rCorr    .         Rampage  .   (gloves unavailable)
Will     .....                  (boots unavailable)
Stlth    ++++......             (no amulet)
HPRegen  0.07/turn              (no ring)
MPRegen  0.10/turn              (no ring)

@: very quick
A: very small, unfitting armour, see invisible, speed 3
a: no special abilities


You were on level 2 of the Dungeon.
You visited 1 branch of the dungeon, and saw 3 of its levels.

You collected 68 gold pieces.

Inventory:

Hand Weapons
 a - a +2 vampiric dagger (weapon)
 b - a +2 dagger
Missiles
 d - 8 poisoned darts
 e - 2 curare-tipped darts
 l - a throwing net (quivered)
Armour
 c - a +0 cloak (worn)
 n - a +0 robe (worn)
Scrolls
 f - a scroll of random uselessness {unknown}
 g - a scroll of fog {unknown}
 h - 2 scrolls of identify {unknown}
 j - a scroll of amnesia {unknown}
 k - a scroll of blinking {unknown}
Potions
 i - 4 potions of curing {unknown}
 m - a potion of ambrosia {unknown}
 o - a potion of might {unknown}


   Skills:
 - Level 1.5 Fighting
 * Level 3.8 Short Blades
 * Level 3.3 Throwing
 - Level 1.5 Dodging
 + Level 6.5 Stealth
 + Level 1.9 Spellcasting


You had 6 spell levels left.
You didn't know any spells.
Your spell library was empty.

Dungeon Overview and Level Annotations

Branches:
Dungeon (3/15)

Altars:
Okawaru


Innate Abilities, Weirdness & Mutations

You are very small and have problems with some larger weapons.
You are too small for most types of armour.
You have supernaturally acute eyesight. (SInv)
You cover ground extremely quickly.


Message History

You hit the orc priest.
The orc priest is moderately wounded.
The orc priest mumbles some strange prayers to Beogh against you.
Beogh smites you!
Ouch! That really hurt!
The orc hits you with a +0 flail!
* * * LOW HITPOINT WARNING * * *
The orc priest barely misses you.
There are no items here.
The bat misses you. The orc priest closely misses you.
The orc closely misses you.
You climb upwards.
There is a stone staircase leading down here.
You hit the orc priest.
You feel better.
The orc priest is moderately wounded.
You hit the orc priest.
You feel better.
The orc priest is moderately wounded.
The orc barely misses you.
The orc priest hits you with a +0 flail!
You die...

######.##
#.#.# ###
#.##### #...#
..# #.....#
##..# ..#
#####.# #..#
..########.#
#..#
..'.....<#.#
##.#
..########.#
#.# ..#
#.#####o# ..#
#.....o@# ..#
#..######
..########..#
#..)........#
#.#########.#
#.# #.# #.#
#.# #.# #.#
..# #.#


You could see an orc priest and an orc.

Vanquished Creatures
  Terence (D:2)
  5 adders (D:2)
  An ooze (D:1)
  2 dart slugs (D:1)
  2 worms (D:2)
  A leopard gecko (D:2)
  2 giant cockroaches (D:2)
  8 hobgoblins
  A quokka (D:2)
  A ball python (D:1)
  8 bats
  4 frilled lizards
  4 goblins (D:1)
  8 kobolds
  6 rats
54 creatures vanquished.

Notes
Turn   | Place    | Note
-------+----------+-------------------------------------------
     0 | D:1      | Zeld the Spriggan Brigand began the quest for the Orb.
     0 | D:1      | Reached XP level 1. HP: 10/10 MP: 2/2
   139 | D:1      | Reached XP level 2. HP: 12/14 MP: 3/3
   140 | D:1      | Reached skill level 6 in Stealth
   656 | D:1      | Reached skill level 1 in Spellcasting
  1111 | D:2      | Reached XP level 3. HP: 2/18 MP: 5/5
  2435 | D:2      | Found an iron altar of Okawaru.
  2864 | D:2      | Reached XP level 4. HP: 15/22 MP: 5/7
  3447 | D:2      | Noticed Terence
  3652 | D:2      | Killed Terence
  3790 | D:2      | Slain by an orc priest

Illustrated notes

Levels and vault maps discovered:
D:1:      lemuel_arrival_funnel, layout_loops_corners
D:2:      layout_basic, okawaru_ov_weapons_minmay, uniq_terence
D:3:      layout_basic

Skill      XL: |  1  2  3 |
---------------+----------+-----
Stealth        | 6 |  6.5
Spellcasting   | 1 |  1.9
Short Blades   | 3 |  3.8
Throwing       | 3 |  3.3
Fighting       | |  1.5
Dodging        | |  1.5

Action                   |  1- 3 |  4- 6 || total
-------------------------+-------+-------++-------
Melee: Dagger            |   152 |    70 ||   222
 Stab: Sleeping          |    14 |     2 ||    16
       Distracted        |     2 |     2 ||     4
Armor: Robe              |    15 |     6 ||    21
Dodge: Dodged            |    88 |    57 ||   145
